[Event "*** Titled Tuesday 3|2 Blitz"]
[Site "Chess.com"]
[Date "2017.03.07"]
[Round "9"]
[White "Dr-Bassem"]
[Black "Elshan1985"]
[Result "1-0"]
[WhiteElo "2632"]
[BlackElo "2501"]
[TimeControl "180+2"]
[EndTime "15:07:41 PST"]
[Termination "Dr-Bassem won by resignation"]

1. Nf3 c5 2. e4 d6 3. g3 g6 4. Bg2 Bg7 5. O-O Nc6 6. c3 e5 7. a3 Nge7 8. d3 O-O 9. b4 h6 10. Nbd2 Be6 11. Nb3 b6 12. b5 Nb8 13.
a4 Nd7 14. d4 exd4 15. cxd4 Bxb3 16. Qxb3 cxd4 17. Bb2 Nc5 18. Qd1 Nxe4 19. Nxd4 d5 20. Re1 Rc8 21. Bxe4 dxe4 22. Rxe4 Nf5 23. Nxf5 Qxd1+ 24. Rxd1 gxf5 25. Bxg7 fxe4 26. Bxf8 Kxf8 27. Rd7 Rc1+ 28. Kg2 Rc2 29. Kf1 Ra2 30. Rxa7 Kg7 31. Ra6 f6 32. g4 Kg6 33. h4 h5 34. g5 fxg5 35. Rxb6+ Kf5 36. hxg5 Kxg5 37. Ra6 h4 38. b6 Rb2 39. Ra5+ Kg4 40. Rb5 Ra2 41. b7 Kf3 42. Rb3+ 1-0

[Event "*** Titled Tuesday 3|2 Blitz"]
[Site "Chess.com"]
[Date "2017.03.07"]
[Round "9"]
[White "Genghis_K"]
[Black "GianmarcoVaR"]
[Result "1-0"]
[WhiteElo "2720"]
[BlackElo "2445"]
[TimeControl "180+2"]
[EndTime "15:07:42 PST"]
[Termination "Genghis_K won on time"]

1. e4 c6 2. d4 d5 3. e5 Bf5 4. h4 h5 5. Bd3 Bxd3 6. Qxd3 Qa5+ 7. Nd2 e6 8. c3 Ne7 9. Ne2 Nf5 10. Nf3 Qa6 11. Qd1 c5 12. O-O Nc6 13. Bg5 Qb6 14.
Qd2 cxd4 15. cxd4 Be7 16. Rac1 O-O 17. Bxe7 Ncxe7 18. Qg5 g6 19. Nf4 Kh7 20. Qf6 Kg8 21. Qg5 Kh7 22. g4 Nxd4 23. Nxd4 Qxd4 24. gxh5 Rg8 25.
hxg6+ Nxg6 26. Qh5+ Kg7 27. Nxg6 Qe4 28. Ne7 Rh8 29.
Qg5+ Kf8 30. Rc7 1-0

[Event "*** Titled Tuesday 3|2 Blitz"]
[Site "Chess.com"]
[Date "2017.03.07"]
[Round "9"]
[White "littleozy"]
[Black "Lupul_Cenusiu"]
[Result "0-1"]
[WhiteElo "2302"]
[BlackElo "2424"]
[TimeControl "180+2"]
[EndTime "15:07:46 PST"]
[Termination "Lupul_Cenusiu won by resignation"]

1. d4 Nf6 2. c4 c5 3. d5 g6 4. Nc3 Bg7 5. e4 O-O 6. Nf3 e6 7. Bd3 Re8 8. e5 exd5 9. cxd5 Ng4 10.
O-O Nxe5 11. Nxe5 Bxe5 12. Re1 d6 13. Bd2 Nd7 14. Ne4 f6 15. Qc2 a6 16. Kh1 Qc7 17. Bc3 f5 18. Ng5 Nf6 19. f4 Bxc3 20. Qxc3 Qg7 21.
Ne6 Bxe6 22. dxe6 Nd5 23. Qc4 Ne7 24. a4 Rab8 25. a5 Red8 26. Qc2 Rbc8 27. Ra3 c4 28. Be2 Qd4 29. Bf3 Qxf4 30. Bxb7 Rb8 31. Bf3 Qd4 32. Rc3 d5 33. Rd1 Qe5 34. Qd2 Kg7 35.
Re1 Qf6 36. Qf2 Rb5 37. Rd3 cxd3 0-1

[Event "*** Titled Tuesday 3|2 Blitz"]
[Site "Chess.com"]
[Date "2017.03.07"]
[Round "9"]
[White "Hikaru"]
[Black "ZapataCharlesS"]
[Result "1-0"]
[WhiteElo "2912"]
[BlackElo "2666"]
[TimeControl "180+2"]
[EndTime "15:07:47 PST"]
[Termination "Hikaru won by resignation"]

1. b3 Nf6 2. Bb2 g6 3. Nf3 Bg7 4. e3 O-O 5. d4 d6 6. Be2 Nc6 7. O-O e5 8. dxe5 Ng4 9. c4 Ngxe5 10. Nxe5 Nxe5 11. Nc3 Be6 12. Qd2 Re8 13. Rac1 a5 14.
Rfd1 Qh4 15. Nd5 Bxd5 16. cxd5 Rec8 17. h3 Nd7 18. Bxg7 Kxg7 19. Rc4 Qf6 20. Bg4 Qe7 21. Qc3+ Kg8 22. Rxc7 Qd8 23. Rc1 Rxc7 24. Qxc7 Qxc7 25. Rxc7 Nc5 26. Bd7 Rd8 27. Bb5 Kf8 28. Kf1 h5 29. Ke2 g5 30. f3 h4 31. e4 f6 32. Ke3 Kg8 33. Kd4 Rf8 34. Bc4 Rf7 35. Rxc5 dxc5+ 36. Kxc5 Kf8 37. Kb6 Rg7 38. Bb5 Ke7 39. Kc7 Kf8+ 40.
Kd6 Re7 41. Bd7 Kf7 42. Kc7 Re5 43. Bf5 Ke7 44. d6+ Kf7 45. d7 Rc5+ 46. Kb6 1-0

[Event "*** Titled Tuesday 3|2 Blitz"]
[Site "Chess.com"]
[Date "2017.03.07"]
[Round "9"]
[White "Smirnov_Pavel"]
[Black "platy3"]
[Result "0-1"]
[WhiteElo "2643"]
[BlackElo "2606"]
[TimeControl "180+2"]
[EndTime "15:07:48 PST"]
[Termination "platy3 won by resignation"]

1. d4 Nf6 2. c4 g6 3. Nc3 Bg7 4.
g3 O-O 5. Bg2 d6 6. Nf3 Nc6 7.
O-O a6 8. Re1 Bg4 9. h3 Bxf3 10.
Bxf3 Nd7 11. e3 e5 12. d5 Ne7 13. Bg2 f5 14. e4 f4 15. h4 Kh8 16. Bh3 Ng8 17. Kg2 Bh6 18. h5 Nb6 19. hxg6 hxg6 20. Qg4 Kg7 21. b3 Nf6 22. Qd1 Nh5 23. Bg4 Qg5 24.
Rh1 Nf6 25. Bf3 Nh7 26. Rh3 Qf6 27. Qh1 Ng5 28. Rxh6 fxg3 29. Rh7+ Nxh7 30. Bh6+ Kg8 31. Kxg3 Ng5 32. Bxf8 Qf4+ 33. Kg2 Qxf3+ 0-1

[Event "*** Titled Tuesday 3|2 Blitz"]
[Site "Chess.com"]
[Date "2017.03.07"]
[Round "9"]
[White "SabinaFoisor"]
[Black "Outsmiter"]
[Result "1-0"]
[WhiteElo "2199"]
[BlackElo "2098"]
[TimeControl "180+2"]
[EndTime "15:07:49 PST"]
[Termination "SabinaFoisor won by resignation"]

1. d4 d6 2. c4 e5 3. dxe5 dxe5 4.
Qxd8+ Kxd8 5. Nc3 c6 6. f4 Bb4 7.
fxe5 Bxc3+ 8. bxc3 Be6 9. e4 Nd7 10. Nf3 h6 11. Ba3 Ne7 12. O-O-O Ng6 13. Bd6 Ke8 14.
Kc2 b6 15. a4 f6 16. exf6 gxf6 17. Nd4 Bg4 18. Be2 Bxe2 19. Nxe2 Nge5 20. Kb3 Nc5+ 21. Bxc5 bxc5 22. Rb1 Rb8+ 23. Kc2 Ke7 24. Ng3 Nxc4 25. Kd3 Ne5+ 26. Ke3 Ke6 27. h3 Rhg8 28. Nf5 Rxb1 29. Rxb1 Rxg2 30. Rb7 Nd7 31. Rxa7 Rh2 32. h4 Rh3+ 33.
Kf4 Rxc3 34. Rc7 Rc4 35. Rxc6+ 1-0

[Event "*** Titled Tuesday 3|2 Blitz"]
[Site "Chess.com"]
[Date "2017.03.07"]
[Round "9"]
[White "Vegan4future"]
[Black "FearlessKing64"]
[Result "1/2-1/2"]
[WhiteElo "2245"]
[BlackElo "2106"]
[TimeControl "180+2"]
[EndTime "15:07:53 PST"]
[Termination "Game drawn by repetition"]

1. e4 c5 2. Nf3 d6 3. Bb5+ Nd7 4.
O-O a6 5. Bd3 b5 6. c3 Bb7 7. Bc2 Rc8 8. d4 Ngf6 9. Re1 cxd4 10. cxd4 Qc7 11. Bd3 Bxe4 12. Nc3 Bxd3 13. Qxd3 d5 14.
Bg5 e6 15. Ne5 Be7 16. Rac1 Qb7 17. Nxd7 Qxd7 18. Bxf6 Bxf6 19. Nxd5 Rxc1 20. Nxf6+ Ke7 21. Rxc1 Kxf6 22. Qe3 Rc8 23. Qf4+ Ke7 24. Rxc8 Qxc8 25. h3 f6 26. Qh4 h6 27. Qg3 Kf7 28. Qa3 Qc1+ 29.
Kh2 Qf4+ 30. Kg1 Qxd4 31. Qxa6 Qxb2 32. Qb7+ Kf8 33. Qc8+ Kf7 34. Qd7+ Kg6 35. Qxe6 Qc1+ 36. Kh2 Qf4+ 37. Kg1 Qc1+ 38. Kh2 Qf4+ 39. Kg1 Qc1+ 40. Kh2 Qf4+ 41. Kg1 Qc1+ 42. Kh2 1/2-1/2

[Event "*** Titled Tuesday 3|2 Blitz"]
[Site "Chess.com"]
[Date "2017.03.07"]
[Round "9"]
[White "Marreuh"]
[Black "AlexZambrano"]
[Result "1/2-1/2"]
[WhiteElo "2106"]
[BlackElo "2282"]
[TimeControl "180+2"]
[EndTime "15:08:18 PST"]
[Termination "Game drawn by repetition"]

1. e4 e5 2. f4 Nc6 3. Nf3 f5 4.
exf5 e4 5. Ne5 Nxe5 6. fxe5 Qe7 7. Qh5+ Kd8 8. Nc3 Qxe5 9. Bc4 Nf6 10. Qf7 Bc5 11.
Qxg7 Rf8 12. Nd5 c6 13. Nxf6 Rxf6 14. Rf1 d5 15. Be2 Bd7 16. d4 exd3 17. cxd3 Rxf5 18. Qg8+ Kc7 19. Qxa8 Rxf1+ 20. Kxf1 Qxh2 21. Bf3 Qg1+ 22. Ke2 Qf2+ 23. Kd1 Bc8 24. Bf4+ Kd7 25. Qb8 Qf1+ 26. Kd2 Qf2+ 27. Be2 Bb4+ 28. Kc2 Qxe2+ 29. Kb3 Qxd3+ 30.
Kxb4 Qc4+ 31. Ka3 Qc5+ 32. Kb3 Qc4+ 33. Ka3 Qc5+ 34. Kb3 Qc4+ 35. Ka3 Qc5+ 1/2-1/2

[Event "*** Titled Tuesday 3|2 Blitz"]
[Site "Chess.com"]
[Date "2017.03.07"]
[Round "9"]
[White "Robin-Side"]
[Black "IMcoach"]
[Result "0-1"]
[WhiteElo "2425"]
[BlackElo "2328"]
[TimeControl "180+2"]
[EndTime "15:08:26 PST"]
[Termination "IMcoach won by checkmate"]

1. d4 Nf6 2. Nc3 d6 3. e4 g6 4. Be2 Bg7 5. g4 c5 6. g5 Nfd7 7. d5 Na6 8. h4 Nc7 9. a4 a6 10. h5 Rb8 11. h6 Bxc3+ 12. bxc3 b5 13. axb5 axb5 14. c4 bxc4 15. Bxc4 O-O 16. f4 Rb4 17. Bd3 e6 18. dxe6 Nxe6 19. Nf3 Bb7 20. Qe2 d5 21. e5 Rxf4 22. Bxf4 Nxf4 23. Qd2 Ne6 24. Ba6 Ba8 25. Be2 d4 26. O-O Bxf3 27. Bxf3 Nxe5 28. Bg2 Nc4 29. Qc1 Ne3 30. Rf2 Qxg5 31. c3 Nf4 32. cxd4 Nh3+ 33. Kh2 Nxf2 34. d5 Qxg2# 0-1

[Event "*** Titled Tuesday 3|2 Blitz"]
[Site "Chess.com"]
[Date "2017.03.07"]
[Round "9"]
[White "HouseOfDurin"]
[Black "JeremDev"]
[Result "0-1"]
[WhiteElo "1851"]
[BlackElo "2223"]
[TimeControl "180+2"]
[EndTime "15:08:32 PST"]
[Termination "JeremDev won by resignation"]

1. d4 Nf6 2. Bg5 Ne4 3. h4 g6 4.
Nd2 Nxg5 5. hxg5 Bg7 6. Ngf3 c5 7. c3 cxd4 8. cxd4 d5 9. e3 Nc6 10. Bd3 Bg4 11. Rh4 Be6 12. Qa4 Rc8 13. Ke2 Qb6 14. Nb3 Bd7 15. Rah1 Nxd4+ 16. Qxd4 Bxd4 17. Nfxd4 e5 18. Nc2 e4 19. Bxe4 dxe4 20. Rxe4+ Be6 21. Ncd4 O-O 22. Reh4 Bxb3 23. Rxh7 Rc2+ 24. Nxc2 Qb5+ 25.
Ke1 Qa5+ 26. Kf1 Bc4+ 27. Kg1 Qxg5 28. Rh8+ Kg7 29. R1h7+ Kf6 30. Rxf8 Bxa2 31. Nd4 Qc5 32. Rfxf7+ Bxf7 33. Rh3 Qc1+ 34. Kh2 Qxb2 35. Rf3+ Kg7 36.
Kg3 a5 37. Rf4 a4 38. Nf3 a3 39. Ng5 Qf6 40. Rxf6 Kxf6 41. Ne4+ Ke5 42. Nc3 b5 43. f4+ Kf6 44. e4 b4 45. e5+ Ke7 46. Na4 a2 47. Nc5 a1=Q 48. Ne4 Qe1+ 49. Nf2 b3 50. f5 gxf5 51. e6 Qxf2+ 52. Kxf2 b2 53. exf7 b1=Q 54. f8=Q+ Kxf8 55. Kg3 Kf7 56. Kh2 Kf6 0-1

[Event "*** Titled Tuesday 3|2 Blitz"]
[Site "Chess.com"]
[Date "2017.03.07"]
[Round "9"]
[White "rpragchess"]
[Black "Tirantes"]
[Result "1-0"]
[WhiteElo "2158"]
[BlackElo "2239"]
[TimeControl "180+2"]
[EndTime "15:08:35 PST"]
[Termination "rpragchess won by checkmate"]

1. e4 e5 2. Nf3 Nc6 3. Bc4 Nf6 4. d3 Be7 5. O-O O-O 6. Re1 d6 7.
c3 Na5 8. Bb5 a6 9. Ba4 b5 10.
Bc2 c5 11. Nbd2 Nc6 12. Nf1 Re8 13. h3 Bf8 14. Bg5 Be7 15. Ne3 Be6 16. a3 Nd7 17.
Bxe7 Qxe7 18. b4 Nb6 19. Qd2 Qf6 20. a4 cxb4 21. cxb4 Reb8 22. a5 Nc8 23. Rac1 N8e7 24. Bd1 Rc8 25. Ng4 Bxg4 26. hxg4 Qe6 27. Ng5 Qd7 28.
Bb3 Nd8 29. f4 Qxg4 30. f5 Qf4 31. Qxf4 exf4 32. Kf2 h6 33. Nh3 Ndc6 34. Nxf4 Nxb4 35. Ke3 Kf8 36. Rh1 Nbc6 37. f6 gxf6 38. Rxh6 Nxa5 39. Rxc8+ Rxc8 40. Bd1 Kg7 41. Rh4 Ng6 42. Nh5+ Kf8 43. Rh2 Nc6 44. Nxf6 a5 45. Bg4 Ra8 46. Bd7 Ra6 47.
Rh1 Nge5 48. Bf5 a4 49. d4 Nc4+ 50. Kf4 Nxd4 51. Kg5 Nxf5 52. Rh8+ Ke7 53. Re8# 1-0

[Event "*** Titled Tuesday 3|2 Blitz"]
[Site "Chess.com"]
[Date "2017.03.07"]
[Round "9"]
[White "RoelandPruijssers"]
[Black "daro94"]
[Result "0-1"]
[WhiteElo "2512"]
[BlackElo "2679"]
[TimeControl "180+2"]
[EndTime "15:08:37 PST"]
[Termination "daro94 won by resignation"]

1. e4 g6 2. d4 d6 3. Nc3 Bg7 4. f4 a6 5. Nf3 b5 6. Bd3 Nd7 7.
e5 c5 8. Ng5 Nb6 9. Be4 cxd4 10. Qxd4 Rb8 11. Qd3 Nh6 12. exd6 O-O 13. O-O Qxd6 14.
Qxd6 exd6 15. Nd5 Nxd5 16. Bxd5 Ng4 17. c3 b4 18. Bd2 bxc3 19. bxc3 Rb2 20. Nf3 Rxd2 21.
Nxd2 Ne3 22. Bb3 Nxf1 23. Rxf1 Bxc3 24. Ne4 Bd4+ 25. Kh1 d5 26. Rd1 dxe4 27. Rxd4 Bf5 28. Kg1 Rc8 29. Kf2 Rc3 30. h3 h5 31. Rd6 Kg7 32. Rxa6 e3+ 33. Ke1 Bd3 34. Ra7 Rc1+ 35. Bd1 e2 36. Kd2 Rxd1+ 0-1

[Event "*** Titled Tuesday 3|2 Blitz"]
[Site "Chess.com"]
[Date "2017.03.07"]
[Round "9"]
[White "Chesstrainer1"]
[Black "Buffy7"]
[Result "0-1"]
[WhiteElo "2340"]
[BlackElo "2503"]
[TimeControl "180+2"]
[EndTime "15:08:42 PST"]
[Termination "Buffy7 won by resignation"]

1. Nf3 c5 2. c4 g6 3. d4 cxd4 4. Nxd4 Bg7 5. e4 Nc6 6. Be3 Nf6 7. Nc3 d6 8. Be2 Bd7 9. Nc2 O-O 10. O-O a6 11. Rb1 Rc8 12. Na3 Nb4 13. Qb3 a5 14. Nab5 b6 15. f3 Na6 16. Rfd1 Nc5 17. Qc2 Be6 18. Qd2 Nfd7 19. Nd5 Re8 20. b3 Ne5 21. Na7 Ra8 22. Nb5 Rc8 23. Bg5 Nc6 24. a3 a4 25.
b4 Nb3 26. Qe3 Bxd5 27. exd5 Ne5 28. Qe4 Qd7 29. Be3 Qf5 30. Qxf5 gxf5 31. Bxb6 Nxc4 32. Nc7 Nxb6 33. Nxe8 Rxe8 34. Bb5 Ra8 35. Bxa4 Nd4 36. Bc6 Rxa3 37. Kf1 Nc2 38. Rd2 Ne3+ 39. Ke2 f4 40. b5 Be5 41. g4 Nec4 42. Rd3 Ra2+ 43. Kf1 Rxh2 44. Kg1 Ra2 45. Rbb3 Kg7 46. Bb7 Kg6 47. Bc6 Kg5 48. Be8 f6 49. Kf1 Kh4 50. Ke1 Kg3 51. Kd1 Ne3+ 52. Kc1 Kxf3 0-1

[Event "*** Titled Tuesday 3|2 Blitz"]
[Site "Chess.com"]
[Date "2017.03.07"]
[Round "9"]
[White "Cecile_Haussernot"]
[Black "quesfr"]
[Result "0-1"]
[WhiteElo "2256"]
[BlackElo "2164"]
[TimeControl "180+2"]
[EndTime "15:08:47 PST"]
[Termination "quesfr won by checkmate"]

1. e4 e6 2. d4 d5 3. Nc3 Nf6 4. e5 Nfd7 5. f4 c5 6. Nf3 Nc6 7. Be3 Rb8 8. Qd2 Qa5 9. Be2 b5 10. dxc5 b4 11. Nd1 Bxc5 12. O-O Ba6 13. Bxa6 Qxa6 14.
Bxc5 Nxc5 15. Nf2 O-O 16. f5 Ne4 17. Nxe4 dxe4 18. f6 Qb6+ 19. Kh1 e3 20. Qe1 Nd4 21. Ng5 h6 22. fxg7 Kxg7 23. Ne4 Nf5 24. Qe2 Qc6 25. Qg4+ Kh8 26. Nf6 Rg8 27. Nxg8 Rxg8 28. Qh3 Rg6 29. Rad1 Qxc2 30. Rd8+ Kg7 31. Re1 Qf2 32. Rdd1 e2 33. Rc1 Ne3 34. Rg1 Nd1 35. Rcxd1 exd1=Q 36. Rxd1 Rg5 37. Rg1 Rxe5 38. Qg3+ Qxg3 39. hxg3 Rh5# 0-1

[Event "*** Titled Tuesday 3|2 Blitz"]
[Site "Chess.com"]
[Date "2017.03.07"]
[Round "9"]
[White "Abrito99"]
[Black "TenisMaster"]
[Result "0-1"]
[WhiteElo "2407"]
[BlackElo "2599"]
[TimeControl "180+2"]
[EndTime "15:08:48 PST"]
[Termination "TenisMaster won on time"]

1. e4 g6 2. d4 Bg7 3. Nf3 d6 4. Nc3 a6 5. a4 b6 6. Be3 e6 7.
Bd3 Bb7 8. O-O Nd7 9. Ne2 Ne7 10. c3 O-O 11. Ng5 h6 12. Nh3 e5 13. f4 f5 14.
Bc4+ Kh8 15. fxe5 dxe5 16. exf5 Nxf5 17. Bf2 Qe7 18. Ng3 exd4 19. Nxf5 Rxf5 20. Bxd4 Rxf1+ 21. Bxf1 Ne5 22. Nf4 Qg5 23. Ne6 Qf6 24. Nxg7 c5 25.
Bf2 Qxg7 26. b4 Rc8 27. bxc5 bxc5 28. Qd6 Rc6 29. Qb8+ Kh7 30. Re1 Ng4 31. Qd8 Rc7 32. Bxc5 Rd7 33. Qe8 Bc6 34. Bd4 Rxd4 0-1

[Event "*** Titled Tuesday 3|2 Blitz"]
[Site "Chess.com"]
[Date "2017.03.07"]
[Round "9"]
[White "Alex_Molchanov"]
[Black "chessking2151"]
[Result "1-0"]
[WhiteElo "2466"]
[BlackElo "2380"]
[TimeControl "180+2"]
[EndTime "15:08:48 PST"]
[Termination "Alex_Molchanov won on time"]

1. c4 Nf6 2. Nc3 e6 3. d4 d5 4.
cxd5 exd5 5. Bg5 c6 6. Qc2 g6 7. e3 Bf5 8. Qb3 b6 9. Nf3 Nbd7 10. Ba6 Qc7 11. Rc1 b5 12. Nxb5 Qb6 13. Bb7 Rb8 14. Bxc6 Qa5+ 15. Kf1 Be7 16. Bxf6 Bxf6 17. Qxd5 O-O 18.
Bxd7 Rfd8 19. Nc3 Qb4 20. Qb3 Qa5 21. Bb5 a6 22. Qa4 Qxa4 23. Bxa4 Bd3+ 24. Kg1 Rxb2 25. Ne1 Bf5 26. h3 Rc8 27. g4 Be6 28. Kg2 Bd8 29. Nf3 Ba5 30. Ne4 Rcb8 31. Bb3 Bxb3 32. axb3 R8xb3 33. g5 h6 34. h4 f5 35. gxf6 Kf7 36.
Ne5+ Ke6 37. Kf3 Bb6 38. Rc6+ 1-0

[Event "*** Titled Tuesday 3|2 Blitz"]
[Site "Chess.com"]
[Date "2017.03.07"]
[Round "9"]
[White "GGuseinov"]
[Black "chito89"]
[Result "1-0"]
[WhiteElo "2696"]
[BlackElo "2552"]
[TimeControl "180+2"]
[EndTime "15:08:58 PST"]
[Termination "GGuseinov won by resignation"]

1. e4 d6 2. d4 Nf6 3. Nc3 g6 4.
Nf3 Bg7 5. Be2 c6 6. a4 O-O 7.
O-O Qc7 8. Be3 Nbd7 9. Nd2 b6 10. f4 e5 11. dxe5 dxe5 12. Nc4 Ba6 13. f5 Rad8 14. Qe1 Nh5 15. Bxh5 Bxc4 16. Be2 Bxe2 17. Qxe2 Nf6 18.
g4 h5 19. h3 hxg4 20. hxg4 gxf5 21. exf5 e4 22. Bf4 Qe7 23. g5 Nd5 24. Nxd5 Rxd5 25.
f6 Qc5+ 26. Rf2 Bh8 27. Qxe4 Rd4 28. Qf3 Re8 29. Kg2 Qf5 30. Rh1 Ree4 31. Rh4 Qg6 32. Qh3 Bxf6 33. Rh6 Qg7 34. Rxf6 Re8 35. c3 Rxa4 36.
b4 Ra1 37. Bd2 Rd1 38. Qh5 1-0

[Event "*** Titled Tuesday 3|2 Blitz"]
[Site "Chess.com"]
[Date "2017.03.07"]
[Round "9"]
[White "iturrizaga"]
[Black "wnstop"]
[Result "1-0"]
[WhiteElo "2640"]
[BlackElo "2467"]
[TimeControl "180+2"]
[EndTime "15:09:06 PST"]
[Termination "iturrizaga won by resignation"]

1. Nf3 Nf6 2. c4 g6 3. Nc3 Bg7 4. e4 O-O 5. d4 d6 6. Be2 e5 7. Be3 Nbd7 8. O-O Re8 9. d5 Nh5 10. g3 Bf8 11. Ne1 Ng7 12. Nd3 Be7 13. f3 f5 14. Qd2 h5 15. b4 Nf6 16. a4 h4 17.
g4 fxg4 18. fxg4 Nxg4 19. Bxg4 Bxg4 20. Kh1 Qd7 21. Bg5 Rf8 22. Bxe7 Qxe7 23. Qe3 Nh5 24.
a5 a6 25. Ne2 Kg7 26. Ng1 c6 27. Nh3 cxd5 28. cxd5 Rac8 29. Ng5 Bd7 30. Rxf8 Rxf8 31. Rg1 Qf6 32. Qb6 Ng3+ 33. hxg3 Qxg5 34. Qxd6 Qe3 35. Qxe5+ Kh6 36. Qd6 Qf3+ 37. Kh2 hxg3+ 38. Qxg3 Qh5+ 39. Kg2 Qe2+ 40. Nf2 Bg4 41. Rh1+ Kg7 42. Qe5+ Rf6 43. Qe7+ Rf7 44. Rh7+ Kxh7 45. Qxf7+ Kh6 46. Qf4+ Kh5 47. Qxg4+ Qxg4+ 48. Nxg4 Kxg4 49. d6 1-0

[Event "*** Titled Tuesday 3|2 Blitz"]
[Site "Chess.com"]
[Date "2017.03.07"]
[Round "9"]
[White "morphy1984"]
[Black "Zhani-Z"]
[Result "1-0"]
[WhiteElo "2488"]
[BlackElo "2333"]
[TimeControl "180+2"]
[EndTime "15:09:06 PST"]
[Termination "morphy1984 won on time"]

1. e4 e5 2. Nf3 Nc6 3. Bb5 a6 4.
Bxc6 dxc6 5. Nc3 f6 6. d4 exd4 7. Nxd4 c5 8. Nde2 Qxd1+ 9. Nxd1 Bd7 10. Bf4 O-O-O 11. Ne3 Ne7 12. O-O-O Re8 13. Nc3 Bc6 14.
f3 h5 15. h4 Ng6 16. Bg3 Ne5 17. Ncd5 b6 18. Kb1 Kb7 19. b3 Rh6 20. Bf4 Rh8 21. Rd2 Re6 22. Rhd1 Rg8 23. Bg3 Re8 24. Nf5 Rh8 25.
Bxe5 Rxe5 26. Nf4 Re8 27. Ng6 Rg8 28. Rd8 Bd6 29. R8xd6 cxd6 30. Nxd6+ Kc7 31. Nxe8+ Rxe8 32. Nf4 Rh8 33. Rd2 Rh6 34. Ne6+ Kb7 35. Nxg7 Rh7 36. Ne6 Bd7 37. Nf8 Rg7 38. Rxd7+ 1-0

[Event "*** Titled Tuesday 3|2 Blitz"]
[Site "Chess.com"]
[Date "2017.03.07"]
[Round "9"]
[White "alekroth64"]
[Black "GM_Splinter"]
[Result "0-1"]
[WhiteElo "2260"]
[BlackElo "2295"]
[TimeControl "180+2"]
[EndTime "15:09:14 PST"]
[Termination "GM_Splinter won on time"]

1. d4 f5 2. c4 Nf6 3. Nf3 g6 4.
Nc3 Bg7 5. g3 O-O 6. Bg2 d6 7. O-O Nc6 8. d5 Ne5 9. Nxe5 dxe5 10.
c5 h6 11. Qb3 Kh8 12. Rd1 a6 13. c6 b6 14. a4 g5 15. a5 b5 16. Be3 Ne8 17. Bc5 Nd6 18. Qb4 Qe8 19. h4 Qh5 20.
Bf3 Qf7 21. Bg2 Bf6 22. hxg5 hxg5 23. e3 Kg7 24. Kf1 Rh8 25. Ke2 Rh2 26. Rg1 e4 27. Bd4 e6 28. Rad1 e5 29. Bc5 Be7 30. Rh1 Rxg2 31.
Kf1 f4 32. Kxg2 Bg4 33. exf4 Bf3+ 34. Kg1 gxf4 35. Nxe4 Nxe4 36. Bxe7 fxg3 37. fxg3 Bxh1 38. Rf1 Qg6 39. Bh4 Nxg3 40. Qe7+ Kg8 41. Bxg3 Bxd5 0-1

[Event "*** Titled Tuesday 3|2 Blitz"]
[Site "Chess.com"]
[Date "2017.03.07"]
[Round "9"]
[White "Grebeniuk-S"]
[Black "spectralsoul"]
[Result "1-0"]
[WhiteElo "2440"]
[BlackElo "2599"]
[TimeControl "180+2"]
[EndTime "15:09:15 PST"]
[Termination "Grebeniuk-S won by resignation"]

1. d4 Nf6 2. Nf3 e6 3. e3 b6 4. Bd3 Bb7 5. Nbd2 c5 6. O-O Be7 7. b3 O-O 8. Bb2 cxd4 9. exd4 d5 10. Ne5 Nbd7 11. Qe2 Nxe5 12. dxe5 Nd7 13. Qh5 g6 14. Qh3 Nc5 15. Nf3 Nxd3 16. cxd3 Rc8 17. Nd4 Bb4 18. Qe3 Qe7 19. Rac1 Ba3 20. Bxa3 Qxa3 21. Qd2 Ba6 22. h4 h5 23. Kh2 Rfe8 24. f3 Qe7 25.
Kh3 Qa3 26. g4 hxg4+ 27. fxg4 Rxc1 28. Rxc1 Bxd3 29. Rc7 Be4 30. Qf2 Qf8 31. Qf6 Qg7 32. Qxg7+ Kxg7 33. Rxa7 Kg8 34. Rc7 Ra8 35. a4 Ra5 36. Kg3 Rc5 37. Rxc5 bxc5 38. Nb5 Bc2 39. a5 Bd3 40. Nc7 c4 41. bxc4 dxc4 42. Kf2 c3 43.
Ke3 c2 44. Kd2 Kf8 45. a6 Ke7 46. a7 Be4 47. a8=Q Bxa8 48. Nxa8 f6 49. Kxc2 fxe5 50. Kd3 Kd6 51. Ke4 1-0

[Event "*** Titled Tuesday 3|2 Blitz"]
[Site "Chess.com"]
[Date "2017.03.07"]
[Round "9"]
[White "StellarChessPro"]
[Black "NTBT_DHS"]
[Result "1-0"]
[WhiteElo "2353"]
[BlackElo "2532"]
[TimeControl "180+2"]
[EndTime "15:09:18 PST"]
[Termination "StellarChessPro won by checkmate"]

1. d4 Nf6 2. Bg5 c5 3. Bxf6 gxf6 4. d5 f5 5. e3 Bg7 6. c3 d6 7. Ne2 b5 8. Nf4 b4 9. Qc2 a5 10. Bb5+ Bd7 11. Bxd7+ Qxd7 12. O-O Rg8 13. Nd2 Na6 14. Nc4 Qb5 15. Qe2 Kf8 16. cxb4 cxb4 17. Rac1 Nc5 18. Qh5 Be5 19. Nxe5 dxe5 20. Qh6+ Ke8 21. Qxh7 Rf8 22. Nh5 Nd3 23. Rc7 Kd8 24. Rc2 Qd7 25. Ng7 e6 26. dxe6 fxe6 27. Rd1 e4 28. Qh6 Ke7 29.
Nh5 Rac8 30. Qg7+ Kd6 31. Qd4+ Ke7 32. Qg7+ Rf7 33. Qg5+ Kd6 34. Rxc8 Qxc8 35. Qg3+ Ke7 36. h3 Qc2 37. Qh4+ Kd7 38. Rf1 Qxb2 39. Nf4 Qxa2 40. Nxd3 exd3 41. Qd4+ Qd5 42. Qa7+ Ke8 43. Qb8+ Ke7 44.
Rc1 d2 45. Rc7+ Kf6 46. Qh8+ Kg5 47. f4+ Kg6 48. Qg8+ Kh6 49. Rxf7 d1=Q+ 50. Kh2 Qxg2+ 51. Qxg2 Qh5 52. Qg7# 1-0

[Event "*** Titled Tuesday 3|2 Blitz"]
[Site "Chess.com"]
[Date "2017.03.07"]
[Round "9"]
[White "MattyDPerrine"]
[Black "HaryKane"]
[Result "1-0"]
[WhiteElo "2231"]
[BlackElo "2287"]
[TimeControl "180+2"]
[EndTime "15:09:27 PST"]
[Termination "MattyDPerrine won by resignation"]

1. Nf3 Nf6 2. g3 d5 3. Bg2 Bg4 4. Ne5 Nc6 5. Nxg4 Nxg4 6. c4 dxc4 7. Qa4 Qd7 8. Qxc4 Nge5 9. Qa4 Nd4 10. Qxd7+ Kxd7 11.
Kd1 Ng4 12. Bh3 f5 13. Bxg4 fxg4 14. d3 h5 15. h4 g6 16. Nc3 Bg7 17. Rb1 Rhf8 18.
Ne4 a5 19. Be3 b6 20. Bxd4 Bxd4 21. e3 Bg7 22. Ke2 Rf5 23. Rhf1 Rb5 24. d4 e5 25. Nc3 Rb4 26. Rfc1 exd4 27. Nd5 Be5 28. Nxb4 axb4 29. exd4 Bxd4 30. Rd1 c5 31. a3 bxa3 32. bxa3 Kc6 33. Rd3 b5 34. Rdb3 Rb8 35. f3 c4 36.
Rb4 Bc5 37. Rxc4 Re8+ 38. Re4 gxf3+ 39. Kxf3 Rf8+ 40. Rf4 Rd8 41. Rf6+ Kc7 42. Rc1 Rd3+ 43. Kg2 Rd5 44. Rxg6 Kd7 45. Rg5 Rd2+ 46. Kh3 Bd6 47.
Rxb5 Rd3 48. Rg1 Rxa3 49. Rxh5 Ke6 50. Re1+ Kf7 51. Rg5 Kf6 52. Rc1 Bf4 53. Rf1 1-0

[Event "*** Titled Tuesday 3|2 Blitz"]
[Site "Chess.com"]
[Date "2017.03.07"]
[Round "9"]
[White "rasmussvane"]
[Black "Ginger_GM"]
[Result "0-1"]
[WhiteElo "2477"]
[BlackElo "2504"]
[TimeControl "180+2"]
[EndTime "15:09:32 PST"]
[Termination "Ginger_GM won by resignation"]

1. Nf3 f5 2. d3 d6 3. e4 e5 4. Nc3 c5 5. exf5 Bxf5 6. g3 Be7 7. Bg2 Nc6 8. Nd5 Nf6 9. Nh4 Be6 10.
Nxe7 Qxe7 11. O-O O-O 12. Bg5 Qd7 13. Qd2 Bh3 14. f4 Bxg2 15. Qxg2 Ng4 16. f5 Nd4 17. h3 Nf6 18. c3 Nc6 19. g4 d5 20.
Rae1 Rae8 21. Kh1 a5 22. Bxf6 Rxf6 23. g5 Rff8 24. f6 g6 25. Nf3 e4 26. dxe4 dxe4 27. Nh2 Qd5 28. Ng4 Qxg5 29. f7+ Rxf7 30. Nf6+ Qxf6 31. Rxf6 Rxf6 32. Rxe4 Ref8 33. Re2 Kg7 34. Qd5 Rf5 35. Qd6 R8f7 36. Kg2 a4 37. b3 a3 38. b4 cxb4 39. cxb4 Rg5+ 40. Kh2 Rgf5 41. Kg2 h5 42. Qd3 Kh7 43. Qxa3 Nd4 44. Rd2 Rg5+ 45. Kh1 Rf1+ 46. Kh2 Nf3+ 0-1

[Event "*** Titled Tuesday 3|2 Blitz"]
[Site "Chess.com"]
[Date "2017.03.07"]
[Round "9"]
[White "ChristopherYoo"]
[Black "oggy1984"]
[Result "0-1"]
[WhiteElo "2156"]
[BlackElo "2358"]
[TimeControl "180+2"]
[EndTime "15:09:41 PST"]
[Termination "oggy1984 won by resignation"]

1. e4 e5 2. Nf3 Nc6 3. Bb5 a6 4. Ba4 Nf6 5. O-O Be7 6. Re1 b5 7.
Bb3 d6 8. c3 Na5 9. Bc2 c5 10.
d4 Qc7 11. Nbd2 cxd4 12. cxd4 Nc6 13. Nb3 a5 14. Be3 a4 15. Nbd2 Bg4 16. d5 Nb4 17. Bb1 Rc8 18. a3 Nc2 19. Bxc2 Qxc2 20. Qxc2 Rxc2 21.
Rab1 O-O 22. Rec1 Rfc8 23. Rxc2 Rxc2 24. Ne1 Rc8 25. f3 Bd7 26. Nd3 Ne8 27. Nb4 Bd8 28. Kf2 Ba5 29. Nd3 Rc2 30. Ke2 f5 31. Kd1 Rc8 32. Rc1 Rxc1+ 33. Kxc1 g6 34. Kc2 Kf7 35. b3 f4 36. Bf2 g5 37. bxa4 bxa4 38. Nc4 Bd8 39.
Bb6 Ke7 40. Ndb2 Nc7 41. Bxc7 Bxc7 42. Kc3 h5 43. Kb4 g4 44. Nxa4 g3 45. h4 Bh3 46.
gxh3 g2 0-1